 Dungeon Crawl Stone Soup version 0.19-a0-1899-g2d93087 (webtiles) character file.

773 PurpleRed the Chopper (level 7, -7/63 HPs)
             Began as a Minotaur Fighter on Oct 20, 2016.
             Mangled by an ogre
             ... wielding a +0 giant club
              (19 damage)
             ... on level 4 of the Dungeon.
             The game lasted 00:04:24 (2128 turns).

PurpleRed the Chopper (Minotaur Fighter)            Turns: 2128, Time: 00:04:25

Health: -7/63      AC: 12    Str: 22    XL:     7   Next: 53%
Magic:  6/6        EV:  8    Int:  5    God:
Gold:   176        SH:  0    Dex: 10    Spells: 0 memorised, 6 levels left

rFire  . . .     SeeInvis .     a - +0 war axe
rCold  . . .     Gourm    .     m - +0 chain mail
rNeg   . . .     Faith    .     (no shield)
rPois  .         Spirit   .     (helmet restricted)
rElec  .         Reflect  .     j - +1 cloak
rCorr  .         Harm     .     (no gloves)
MR     .....                    (no boots)
Stlth  ..........               (no amulet)
                                (no ring)
                                (no ring)

@: no status effects
A: retaliatory headbutt, horns 2
a: no special abilities


You were on level 4 of the Dungeon.
You were not hungry.

You visited 1 branch of the dungeon, and saw 4 of its levels.

You collected 176 gold pieces.

Inventory:

Hand Weapons
 a - a +0 war axe (weapon)
Armour
 j - a +1 cloak (worn)
 m - a +0 chain mail (worn)
Scrolls
 b - a scroll of identify
 c - a scroll of remove curse {unknown}
 i - 3 scrolls of enchant armour
Potions
 d - 4 potions of might
 e - 2 potions of flight {unknown}
 g - 4 potions of heal wounds
 h - a potion of degeneration
 o - a potion of haste
 q - 2 potions of cure mutation
 s - 2 potions of mutation {unknown}
 t - a potion of cancellation {unknown}
 u - a potion of beneficial mutation {unknown}
Books
 p - a book of Cantrips

   Spells                             Type                      Level
   a - Confusing Touch                Hexes                        1
   b - Animate Skeleton               Necromancy                   1
   c - Summon Small Mammal            Summoning                    1
   d - Apportation                    Translocation                1
Comestibles
 f - 3 bread rations
 k - 2 meat rations
 n - 3 fruits


   Skills:
 + Level 6.2 Fighting
 * Level 7.4 Axes
 + Level 6.3 Armour
   Level 3.6 Shields


You had 6 spell levels left.
You didn't know any spells.

Dungeon Overview and Level Annotations

Branches:
Dungeon (4/15)
 Temple: D:4-7

Altars:
Ashenzari
Kikubaaqudgha
Okawaru


Innate Abilities, Weirdness & Mutations

You reflexively headbutt those who attack you in melee.
You have a pair of horns on your head.


Message History

You are too injured to fight recklessly!
You are too injured to fight recklessly!
You are too injured to fight recklessly!
You are too injured to fight recklessly!
You are too injured to fight recklessly!
You are too injured to fight recklessly!
You are too injured to fight recklessly!
You are too injured to fight recklessly!
You are too injured to fight recklessly!
You are too injured to fight recklessly!
You are too injured to fight recklessly!
You are too injured to fight recklessly!
You are too injured to fight recklessly!
You are too injured to fight recklessly!
You are too injured to fight recklessly!
An ogre opens the door.
You slash the ogre!
The ogre is almost dead.
The ogre hits you with a giant club!!
You die...

*,,,,,,,,.....****************
*,,,,,,,,....,+,,,,,,,,,,,,,,*
*,,,,,,,,,...,******#,,*****,*
**********#.#** *...,,,,,,,,,
#.######.######***,*
##############..............,,,<*
.....................>......,,,,,
....###########.†..........#*****
....# #.........@...........,,,,,
....###........#O#.........#*****
......+........'_+.........#
....###........#'#.........#
....# #######..............#*****
....# ###............#*,,,, ....#
#............#*,*** ....#*******
#######....###*,**, .....,,,,,,*
*....# *,,,,


You could see an ogre.

Vanquished Creatures
  Pikel (D:4)
  Menkaure (D:4)
  3 slaves (D:4)
  A bullfrog skeleton (D:4)
  A worker ant (D:4)
  6 adders
  An ooze (D:3)
  3 worms
  2 dart slugs (D:4)
  4 leopard geckos
  7 orcs
  3 giant cockroaches
  5 goblins
  5 hobgoblins
  2 jackals (D:3)
  9 kobolds
  2 quokkas
  7 bats
  4 frilled lizards
  A leopard gecko skeleton (D:3)
  6 rats
74 creatures vanquished.

Notes
Turn   | Place    | Note
-------+----------+-------------------------------------------
     0 | D:1      | PurpleRed the Minotaur Fighter began the quest for the Orb.
     0 | D:1      | Reached XP level 1. HP: 19/19 MP: 0/0
   182 | D:1      | Reached XP level 2. HP: 26/26 MP: 1/1
   485 | D:1      | Reached skill level 3 in Axes
   531 | D:2      | Reached XP level 3. HP: 13/33 MP: 2/2
   604 | D:2      | Found an iron altar of Okawaru.
   959 | D:3      | Reached skill level 4 in Axes
   967 | D:3      | Found a shattered altar of Ashenzari.
  1061 | D:3      | Reached XP level 4. HP: 34/40 MP: 3/3
  1600 | D:4      | Reached XP level 5. HP: 47/47 MP: 4/4
  1635 | D:4      | Noticed Menkaure
  1653 | D:4      | Killed Menkaure
  1653 | D:4      | Reached skill level 5 in Fighting
  1653 | D:4      | Reached skill level 5 in Axes
  1653 | D:4      | Reached skill level 5 in Armour
  1689 | D:4      | Noticed a slave
  1690 | D:4      | Noticed a slave
  1691 | D:4      | Noticed Pikel
  1692 | D:4      | Noticed a slave
  1692 | D:4      | Noticed a slave
  1696 | D:4      | Killed a slave
  1706 | D:4      | Killed a slave
  1707 | D:4      | Killed a slave
  1709 | D:4      | Killed Pikel
  1709 | D:4      | Reached skill level 7 in Axes
  1709 | D:4      | Reached XP level 6. HP: 27/57 MP: 5/5
  1709 | D:4      | Reached XP level 7. HP: 30/63 MP: 6/6
  2086 | D:4      | Found an ancient bone altar of Kikubaaqudgha.
  2128 | D:4      | Mangled by an ogre

Vault maps used:
D:1:      dpeg_arrival_brainrot
D:2:      lemuel_doored_altar
D:3:      ashenzari_conservatory_becter
D:4:      kennysheep_mini_moat, uniq_pikel, uniq_menkaure, uniq_duvessa

Skill      XL: |  1  2  3  4  5 |
---------------+----------------+-----
Armour         | 4 6 |  6.3
Axes           | 3 4 7 |  7.4
Fighting       | 4 6 |  6.2
Shields        | |  3.6

Action                   |  1- 3 |  4- 6 |  7- 9 || total
-------------------------+-------+-------+-------++-------
Melee: War axe           |   106 |    61 |    19 ||   186
       Headbutt          |     8 |     8 |     3 ||    19
  Use: Scroll            |       |    12 |       ||    12
  Eat: Chunk             |       |     3 |     1 ||     4
Armor: Scale mail        |    73 |       |       ||    73
       Chain mail        |    11 |    53 |    14 ||    78
Dodge: Dodged            |    71 |    39 |     4 ||   114
